 Dungeon Crawl Stone Soup version 0.27-a0-931-g5a74e75d8f (webtiles) character file.

Game seed: 15835360322480848994

4116 halftheisland the Basher (level 10, -16/100 HPs)
             Began as a Troll Berserker on Apr 10, 2021.
             Was a High Priest of Trog.
             Demolished by a centaur warrior
             ... wielding the +1 scimitar "Newt's Funeral" {elec, Stlth+}
              (17 damage)
             ... on level 8 of the Dungeon on Apr 11, 2021.
             The game lasted 00:25:26 (7133 turns).

halftheisland the Basher (Troll Berserker)          Turns: 7133, Time: 00:25:28

Health: -16/100    AC: 12    Str: 27    XL:     10   Next: 6%
Magic:  9/9        EV: 11    Int: 13    God:    Trog [*****.]
Gold:   588        SH:  0    Dex: 12    Spells: 9/9 levels left

rFire    . . .     SeeInvis .   v - +10 mace of Ynwim {vorpal, rN+ Int+4}
rCold    . . .     Faith    +   (no shield)
rNeg     + . .     Spirit   .   D - +2 steam dragon scales
rPois    +         Reflect  .   (helmet restricted)
rElec    .         Harm     .   A - +2 cloak {rPois}
rCorr    .         Rampage  .   (gloves unavailable)
Will     .....                  (boots unavailable)
Stlth    +.........             m - amulet of faith
HPRegen  1.26/turn              h - +6 ring of intelligence
MPRegen  0.11/turn              (no ring)

@: on berserk cooldown, slowed, very slow
A: large, unfitting armour, claws 3, regeneration 1, shaggy fur 1, tough skin 1
a: Renounce Religion, Berserk, Trog's Hand, Brothers in Arms


You were on level 8 of the Dungeon.
You worshipped Trog.
Trog was extremely pleased with you.
You visited 1 branch of the dungeon, and saw 8 of its levels.

You collected 588 gold pieces.

Inventory:

Hand Weapons
 a - a +0 mace
 t - a +1 giant club
 v - the +10 mace of Ynwim (weapon) {vorpal, rN+ Int+4}
   (You found it on level 7 of the Dungeon)

   It inflicts extra damage upon your enemies.
   It affects your intelligence (+4).
   It protects you from negative energy.
 y - the +6 mace "Vorem" {drain, rN+}
   (You found it on level 7 of the Dungeon)

   A truly terrible weapon, it drains the life of those it strikes.
   It protects you from negative energy.
Missiles
 c - 3 silver boomerangs
 e - 73 poisoned darts
 g - 7 boomerangs
 i - 5 atropa-tipped darts (quivered)
 u - 3 throwing nets
Armour
 b - a +0 animal skin
 A - a +2 cloak of poison resistance (worn)
 D - +2 steam dragon scales (worn)
Jewellery
 h - a +6 ring of intelligence (left claw)
 k - an amulet of the acrobat
 m - an amulet of faith (around neck)
Wands
 j - a wand of charming (6)
 p - a wand of digging (4)
 q - a wand of paralysis (23)
 w - a wand of iceblast (4)
 E - a wand of flame (16)
Scrolls
 d - 4 scrolls of identify
 l - a scroll of fear
 n - 2 scrolls of enchant armour
 o - 2 scrolls of amnesia
 r - 3 scrolls of teleportation
Potions
 f - a potion of haste
 s - 5 potions of curing
 x - a potion of might
 z - a potion of brilliance {unknown}
 B - a potion of flight
 C - a potion of lignification {unknown}


   Skills:
 + Level 6.3 Fighting
 + Level 10.5 Maces & Flails
 + Level 5.9 Dodging


You had 9 spell levels left.
You didn't know any spells.
Your spell library was empty.

Dungeon Overview and Level Annotations

Branches:
Dungeon (8/15)             Temple (0/1) D:5
   Lair: D:8-11

Altars:

Shops:
D:6 ?


Innate Abilities, Weirdness & Mutations

You are too large for most types of armour.
You have claws for hands.
Your natural rate of healing is unusually fast.
You are covered in fur. (AC +1)
You have tough skin. (AC +1)


Message History

Aiming: Throw Flame
Press: ? - help, Shift-Dir - straight line, f/p - centaur warrior
Aim: a centaur warrior, wielding a +0 longbow and quivering arrows (23% to evade)
The puff of flame hits the centaur warrior.
The centaur warrior is lightly wounded.
The centaur warrior shoots an arrow.
The arrow hits you!!
You sock the centaur warrior!
The centaur warrior is moderately wounded.
The centaur warrior unwields a +0 longbow.
The centaur warrior wields the +1 scimitar "Newt's Funeral" {elec, Stlth+}.
You hear the crackle of electricity.
The centaur warrior hits you with the +1 scimitar "Newt's Funeral" {elec, Stlth+}.
The centaur warrior kicks you but does no damage.
The centaur warrior barely misses you.
The centaur warrior kicks you but does no damage.
An orc comes into view. It is wielding a +0 short sword.
You sock the centaur warrior!
The centaur warrior is heavily wounded.
The centaur warrior hits you with the +1 scimitar "Newt's Funeral" {elec, Stlth+}!
The centaur warrior kicks you but does no damage.
The centaur warrior barely misses you.
The centaur warrior kicks you but does no damage.
You sock the centaur warrior!
The centaur warrior is severely wounded.
The centaur warrior closely misses you.
The centaur warrior kicks you but does no damage.
A centaur zombie comes into view.
The centaur warrior closely misses you.
The centaur warrior kicks you but does no damage.
You hit the centaur warrior.
The centaur warrior is severely wounded.
The centaur warrior hits you with the +1 scimitar "Newt's Funeral" {elec, Stlth+}!
* * * LOW HITPOINT WARNING * * *
You are electrocuted!
* * * LOW HITPOINT WARNING * * *
The centaur warrior kicks you but does no damage.
The centaur warrior hits you with the +1 scimitar "Newt's Funeral" {elec, Stlth+}!
* * * LOW HITPOINT WARNING * * *
You are electrocuted!
You die...

#.#. #.# #..
.....####.####..
................
#########.####.#..
###......##.###.###.
###...####.).###.## ##
###...###..###≈).### #.
##.....#.co†..##.)..###..
##.≈..##.@####..##..≈.###.
#...≈.#.Z## #^.##)...##.
#≈..^#.)## #..#...≈###
#.≈≈.#8.# .8#.)≈^#
#...≈#..# Z#≈...#
#[..≈#(.# #≈...# #.≈≈.#8.#
#.≈≈.# #≈...#).## #...≈#
#...≈##..## #≈...#


You could see a centaur warrior, an orc and a centaur zombie.

Vanquished Creatures
  Pikel (D:8)
  A deep elf zephyrmancer (D:8)
  Maggie (D:7)
  A hornet (D:8)
  A shadow (D:8)
  A wyvern (D:8)
  A steam dragon (D:6)
  2 water moccasins
  An orc warrior (D:8)
  An ice beast (D:5)
  2 ogres (D:5)
  A hornet zombie (D:6)
  A necrophage (D:6)
  The ghost of semitonal the Shooter, an amateur BaHu (D:3)
  A centaur (D:6)
  A kobold brigand (D:4)
  3 bullfrogs
  3 scorpions
  A water moccasin skeleton (D:5)
  3 wights (D:7)
  A howler monkey (D:8)
  A bullfrog zombie (D:6)
  2 gnoll shamans
  2 orc priests
  Crazy Yiuf (D:7)
  A hound (D:6)
  3 jellies
  Ijyb (D:4)
  2 iguanas (D:6)
  2 orc wizards
  A hound skeleton (D:4)
  A howler monkey zombie (D:2)
  10 gnolls
  A river rat (D:3)
  8 adders
  3 shadow imps
  A white imp (D:8)
  An ufetubus (D:6)
  A worm (D:3)
  A dart slug (D:3)
  9 orcs
  10 bats
  5 endoplasms
  4 giant cockroaches
  10 goblins
  5 hobgoblins
  19 jackals
  24 kobolds
  5 quokkas
  8 ball pythons
  3 frilled lizards
  8 rats
182 creatures vanquished.

Vanquished Creatures (others)
  42 plants
42 creatures vanquished.

Grand Total: 224 creatures vanquished

Notes
Turn   | Place    | Note
-------+----------+-------------------------------------------
     0 | D:1      | halftheisland the Troll Berserker began the quest for the
                  | Orb.
     0 | D:1      | Reached XP level 1. HP: 22/22 MP: 0/0
    75 | D:1      | Reached XP level 2. HP: 27/29 MP: 1/1
   175 | D:1      | Reached skill level 3 in Maces & Flails
   363 | D:1      | Reached ** piety under Trog
   559 | D:1      | Reached XP level 3. HP: 36/36 MP: 2/2
  1293 | D:2      | Reached XP level 4. HP: 41/44 MP: 3/3
  1696 | D:3      | Reached skill level 4 in Maces & Flails
  1868 | D:3      | Reached *** piety under Trog
  1886 | D:3      | Found a runed translucent door.
  1888 | D:3      | Noticed semitonal's ghost (amateur BaHu)
  1905 | D:3      | Killed semitonal's ghost
  1906 | D:3      | Reached XP level 5. HP: 53/53 MP: 4/4
  1958 | D:3      | Found a runed translucent door.
  2272 | D:3      | Reached XP level 6. HP: 61/61 MP: 5/5
  2388 | D:3      | Reached skill level 5 in Maces & Flails
  2752 | D:4      | Reached **** piety under Trog
  2982 | D:4      | Noticed Ijyb
  2988 | D:4      | Paralysed by Ijyb for 7 turns
  2996 | D:4      | Paralysed by Ijyb for 6 turns
  3004 | D:4      | Killed Ijyb
  3613 | D:4      | Reached XP level 7. HP: 65/68 MP: 6/6
  3746 | D:5      | Entered Level 5 of the Dungeon
  3777 | D:5      | Found a staircase to the Ecumenical Temple.
  3927 | D:5      | Reached skill level 6 in Maces & Flails
  4411 | D:5      | Identified the Compendium of Shape Shifting
  5042 | D:6      | Reached XP level 8. HP: 79/79 MP: 7/7
  5064 | D:6      | Reached ***** piety under Trog
  5065 | D:6      | Reached skill level 7 in Maces & Flails
  5555 | D:6      | Reached skill level 5 in Fighting
  5555 | D:6      | Reached skill level 8 in Maces & Flails
  5971 | D:6      | Found Tysad's Magic Scroll Boutique.
  6438 | D:7      | Noticed Maggie
  6456 | D:7      | Killed Maggie
  6457 | D:7      | Reached skill level 5 in Dodging
  6457 | D:7      | Reached XP level 9. HP: 75/88 MP: 8/8
  6708 | D:7      | Identified the +10 mace of Ynwim {vorpal, rN+ Int+4}
  6711 | D:7      | Identified the +6 mace "Vorem" {drain, rN+}
  6715 | D:7      | Found a runed translucent door.
  6717 | D:7      | Noticed Crazy Yiuf
  6723 | D:7      | Killed Crazy Yiuf
  6724 | D:7      | Reached skill level 9 in Maces & Flails
  6849 | D:8      | Noticed Pikel
  6871 | D:8      | Killed Pikel
  7077 | D:8      | Reached skill level 10 in Maces & Flails
  7113 | D:8      | Paralysed by a hornet for 1 turns
  7116 | D:8      | Noticed a deep elf zephyrmancer
  7125 | D:8      | Identified the +1 scimitar "Newt's Funeral" {elec, Stlth+}
  7125 | D:8      | Noticed a centaur warrior
  7127 | D:8      | Killed a deep elf zephyrmancer
  7128 | D:8      | Reached XP level 10. HP: 60/100 MP: 9/9
  7133 | D:8      | HP: 1/100 [centaur warrior/the +1 scimitar "Newt's Funeral"
                  | {elec, Stlth+} (10)]
  7133 | D:8      | Demolished by a centaur warrior

Illustrated notes

Levels and vault maps discovered:
D:1:      psy_arrival_basics, layout_basic
D:2:      layout_basic, serial_forest, infiniplex_forest_lined_room_,
          infiniplex_forest_clump_curved, infiniplex_forest_zigzag_1,
          infiniplex_forest_fountain, infiniplex_forest_clump_double,
          infiniplex_forest_clump_curved, infiniplex_forest_clump_cross,
          item_on_display_a
D:3:      kennysheep_six_static_rooms, layout_basic, ebering_ghost_sewer_f
D:4:      kennysheep_kobold_camp, layout_loops_corners, uniq_ijyb
D:5:      layout_loops_corners, minmay_temple_entry_butterflies,
          serial_co_window_serial, co_window_paths_a, co_window_corner_a,
          co_window_paths_b, co_window_paths_a, co_window_paths_a,
          co_window_corner_cb, co_window_2corner, co_window_corner_ca,
          co_window_broadway_c, co_window_corner_b, co_window_broadway_c,
          co_window_of_opportunity_b, glass_columns_a, glass_columns_b,
          glass_columns_a, glass_columns_b
D:6:      layout_gridville, serial_co_window_serial, co_window_paths_b,
          co_window_paths_a, co_window_corner_a, co_window_paths_a,
          co_window_paths_a, co_window_broadway_c, co_window_corner_cb,
          co_window_broadway_a, co_window_corner_b, co_window_broadway_a,
          glass_columns_a, glass_columns_c, glass_columns_a, serial_shops,
          kennysheep_mini
D:7:      layout_cave_pools, lemuel_flame_loot_1, uniq_crazy_yiuf_cottage,
          uniq_maggie
D:8:      layout_loops_corners, nzn_random_ring, uniq_pikel

Skill      XL: |  1  2  3  4  5  6  7  8  9 |
---------------+----------------------------+-----
Maces & Flails | 3 4 5 6 8 10 | 10.5
Dodging        | 3 4 5 |  5.9
Fighting       | 3 4 5 6 |  6.3

Action                   |  1- 3 |  4- 6 |  7- 9 | 10-12 || total
-------------------------+-------+-------+-------+-------++-------
Melee: Mace              |   141 |   271 |    60 |     4 ||   476
       Giant club        |       |       |   192 |       ||   192
Invok: Berserk           |       |     1 |     3 |       ||     4
Evoke: Wand              |       |       |       |     2 ||     2
  Use: Potion            |     4 |     3 |     4 |       ||    11
       Scroll            |       |       |    10 |       ||    10
 Stab: Sleeping          |     1 |       |       |       ||     1
Armor: Animal skin       |    71 |   104 |    22 |       ||   197
       Steam dragon scal |       |       |    34 |     7 ||    41
Dodge: Dodged            |   105 |   140 |   160 |     4 ||   409

Table legend: (Time is in decaauts)
 A = Elapsed time spent in this place.
 B = Non-inter-level travel time spent in this place.
 C = Inter-level travel time spent in this place.
 D = Time resting spent in this place.
 E = Time spent auto-exploring this place.
 F = Levels seen in this place.
 G = Mean time per level.
                   A        B        C        D        E       F      G
               +--------+--------+--------+--------+--------+-----+--------+
         Total |   7264 |   7117 |    147 |    492 |   4769 |   8 |  908.0 |
       Dungeon |   7264 |   7117 |    147 |    492 |   4769 |   8 |  908.0 |
               +--------+--------+--------+--------+--------+-----+--------+

Top non-repeatable levels by time:
     D:5: 1271 daAuts
     D:6: 1116 daAuts
     D:3: 1098 daAuts
     D:4: 1054 daAuts
     D:2: 997 daAuts
     D:7: 691 daAuts
     D:1: 669 daAuts
     D:8: 365 daAuts
